 Dungeon Crawl Stone Soup version 0.24.1-14-gf8d2b509d9 (webtiles) character file.

Game seed: 262019984198236458, levelgen mode: deterministic

3855 Curus the Basher (level 9, 0/70 HPs)
             Began as a Minotaur Abyssal Knight on May 22, 2020.
             Was a High Priest of Lugonu.
             Slain by Pikel
             ... wielding a +2 whip of flaming
              (3 damage)
             ... on level 8 of the Dungeon.
             The game lasted 00:32:10 (5479 turns).

Curus the Basher (Minotaur Abyssal Knight)          Turns: 5479, Time: 00:32:11

Health: 0/70       AC: 14    Str: 17    XL:     9   Next: 99%
Magic:  15/15      EV:  3    Int:  9    God:    Lugonu [*****.]
Gold:   516        SH: 14    Dex: 17    Spells: 8/8 levels left

rFire    . . .     SeeInvis +   t - +4 morningstar (venom)
rCold    . . .     Gourm    .   D - +3 large shield of the Meadowlark {Dex+4}
rNeg     . . .     Faith    .   p - +0 plate armour
rPois    .         Spirit   .   (helmet restricted)
rElec    .         Reflect  .   G - +0 cloak
rCorr    .         Harm     .   s - +0 pair of gloves
MR       .....                  n - +0 pair of boots
Stlth    ..........             i - amulet of regeneration
HPRegen  0.61/turn              m - +3 ring of evasion
MPRegen  0.14/turn              F - ring of see invisible

@: lightly drained
A: retaliatory headbutt, horns 2
a: Depart the Abyss, Bend Space, Banish, Corrupt, Enter the Abyss, Renounce
Religion


You were on level 8 of the Dungeon.
You worshipped Lugonu.
Lugonu was extremely pleased with you.
You were not hungry.

You visited 1 branch of the dungeon, and saw 8 of its levels.
You visited the Abyss 1 time.

You collected 516 gold pieces.

Inventory:

Hand Weapons
 a - a +1 mace
 t - a +4 morningstar of venom (weapon)
Armour
 b - a +0 leather armour
 f - a +0 ring mail
 g - a +0 chain mail
 j - a -1 chain mail
 k - a +0 buckler
 n - a +0 pair of boots (worn)
 p - a +0 plate armour (worn)
 s - a +0 pair of gloves (worn)
 z - a scarf of spirit shield
 D - the +3 large shield of the Meadowlark (worn) {Dex+4}
   (You found it on level 5 of the Dungeon)

   It affects your dexterity (+4).
 G - a +0 cloak (worn)
Jewellery
 d - an uncursed amulet of rage
 e - an uncursed ring of fire
 i - an amulet of regeneration (around neck)
 l - a cursed amulet of inaccuracy
 m - a +3 ring of evasion (left hand)
 u - an uncursed ring of wizardry
 F - a ring of see invisible (right hand)
Wands
 h - a wand of digging (1)
 y - a wand of polymorph (9)
 B - a wand of acid (5)
Scrolls
 r - 2 scrolls of teleportation
 v - a scroll of blinking
 x - 4 scrolls of remove curse
 A - 2 scrolls of magic mapping
 C - 3 scrolls of fog
 E - a scroll of fear
 I - a scroll of identify
Potions
 o - 2 potions of lignification
 q - 2 potions of cancellation
 w - 2 potions of heal wounds
 J - a potion of curing
Comestibles
 c - 13 rations


   Skills:
 - Level 3.6(3.3) Fighting
 * Level 12.7(12.4) Maces & Flails
 - Level 2.4(2.1) Armour
 - Level 1.1(0.8) Dodging
 + Level 9.6(9.3) Invocations


You had 8 spell levels left.
You didn't know any spells.
Your spell library contained the following spells:

 Spells                   Type           Power        Failure   Level  Hunger
 Corona                   Hex            #......      100%        1    ##.....
 Ensorcelled Hibernation  Hex/Ice        #.....       100%        2    ###....
 Confuse                  Hex            #.......     100%        3    ####...
 Dazzling Spray           Conj/Hex       #.....       100%        3    ####...
 Tukima's Dance           Hex            #.......     100%        3    ####...


Dungeon Overview and Level Annotations

Branches:
Dungeon (8/15)             Temple (0/1) D:4
   Lair: D:8-11

Altars:
Nemelex Xobeh

Shops:
D:8 !

Annotations:
D:8 Gastronok, Pikel
Abyss:1 Grinder


Innate Abilities, Weirdness & Mutations

You reflexively headbutt those who attack you in melee.
You have a pair of horns on your head.


Message History

Pikel is heavily wounded.
You block the wight's attack.
The bullfrog hits you but does no damage.
Pikel hits you but does no damage. You block the jackal zombie's attack.
Your plate armour prevents you from hitting Pikel.
Pikel is heavily wounded.
You block the bullfrog's attack.
Pikel hits you with a +2 whip of flaming!
* * * LOW HITPOINT WARNING * * *
Pikel burns you.
* * * LOW HITPOINT WARNING * * *
The jackal zombie bites you but does no damage.
The wight hits you from afar with a cursed +0 halberd.
* * * LOW HITPOINT WARNING * * *
You feel drained.
* * * LOW HITPOINT WARNING * * *
You block the bullfrog's attack.
Gastronok chants a spell, wobbling all the while.
Pikel hits you with a +2 whip of flaming.
You die...

....#####Z.p.........
.....s..s............
.......##..p..#......
....### #..z.p.......
.n. #...#.∩.#..). .
####.!......(
#.w#.(....
###pZ.......
#@Kzz.b.....
#FZp........
#pp........#
#.........##
#...%.##### #.....#
#.....# #.....#


You could see Gastronok, Pikel (berserk), 4 slaves, a bullfrog, 2 wights, a
jackal zombie, a worker ant zombie and a bat.

Vanquished Creatures
  Prince Ribbit (D:5)
  2 hippogriffs
  Sigmund (D:3)
  Eustachio (D:4)
  Edmund (D:4)
  An ice beast (D:5)
  An orc warrior (D:7)
  2 sky beasts
  4 ogres
  A necrophage (D:6)
  2 phantoms
  A centaur (D:5)
  3 big kobolds
  3 bullfrogs (D:7)
  A gnoll sergeant (D:7)
  A scorpion (D:6)
  2 wights (D:8)
  3 howler monkeys
  2 crimson imps (D:7)
  A bullfrog zombie (D:5)
  3 hounds
  A jelly (D:8)
  A centaur zombie (D:5)
  An orc priest (D:7)
  3 orc wizards (D:7)
  Jessica (D:2)
  2 iguanas
  Ijyb (D:3)
  8 worker ants
  A hound zombie (D:5)
  2 hound skeletons
  Robin (D:2)
  3 gnolls (D:7)
  9 adders
  An ooze (D:2)
  An adder skeleton (D:6)
  4 worms
  7 leopard geckos
  15 orcs
  7 giant cockroaches
  14 goblins
  11 hobgoblins
  8 jackals
  4 quokkas
  A ball python (D:4)
  5 bats
  8 frilled lizards
  A giant cockroach zombie (D:6)
  19 kobolds
  4 rats
181 creatures vanquished.

Vanquished Creatures (others)
  An orc warrior (D:6)
1 creature vanquished.

Grand Total: 182 creatures vanquished

Notes
Turn   | Place    | Note
-------+----------+-------------------------------------------
     0 | Abyss:1  | Curus the Minotaur Abyssal Knight began the quest for the
                  | Orb.
     0 | Abyss:1  | Reached XP level 1. HP: 19/19 MP: 1/1
     8 | D:1      | Escaped the Abyss
   151 | D:1      | Reached XP level 2. HP: 26/26 MP: 2/2
   239 | D:1      | Reached skill level 3 in Maces & Flails
   903 | D:2      | Noticed Jessica
   911 | D:2      | Reached XP level 3. HP: 31/31 MP: 4/4
   913 | D:2      | Killed Jessica
   935 | D:2      | Reached ** piety under Lugonu
   996 | D:2      | Reached skill level 4 in Maces & Flails
  1037 | D:2      | Reached XP level 4. HP: 13/39 MP: 5/5
  1285 | D:2      | Noticed Robin
  1304 | D:2      | Killed Robin
  1438 | D:2      | Reached XP level 5. HP: 45/45 MP: 6/6
  2012 | D:3      | Found a faded altar of an unknown god.
  2075 | D:3      | Noticed Ijyb
  2090 | D:3      | Killed Ijyb
  2090 | D:3      | Reached skill level 5 in Maces & Flails
  2175 | D:3      | Reached *** piety under Lugonu
  2295 | D:3      | Noticed Sigmund
  2314 | D:3      | Killed Sigmund
  2314 | D:3      | Reached skill level 6 in Maces & Flails
  2314 | D:3      | Reached XP level 6. HP: 48/51 MP: 8/8
  2407 | D:3      | Reached skill level 5 in Invocations
  2445 | D:3      | Noticed a sky beast
  2457 | D:3      | Killed a sky beast
  2651 | D:4      | Found a staircase to the Ecumenical Temple.
  2702 | D:4      | Reached XP level 7. HP: 57/57 MP: 10/10
  2703 | D:4      | Noticed Grinder
  2704 | D:4      | Banished Grinder
  2704 | D:4      | Reached skill level 7 in Maces & Flails
  2729 | D:4      | Noticed Eustachio
  2753 | D:4      | Killed Eustachio
  2789 | D:4      | Noticed Edmund
  2797 | D:4      | Killed Edmund
  2860 | D:4      | Reached skill level 8 in Maces & Flails
  3061 | D:5      | Entered Level 5 of the Dungeon
  3088 | D:5      | Reached XP level 8. HP: 54/64 MP: 10/12
  3218 | D:5      | Got a polished large shield
  3222 | D:5      | Found a sparkling altar of Nemelex Xobeh.
  3272 | D:5      | Noticed Prince Ribbit
  3298 | D:5      | Reached skill level 9 in Maces & Flails
  3498 | D:5      | Killed Prince Ribbit
  3502 | D:5      | Identified the +3 large shield of the Meadowlark {Dex+4}
                  | (You found it on level 5 of the Dungeon)
  3586 | D:6      | Reached **** piety under Lugonu
  3586 | D:6      | Reached skill level 10 in Maces & Flails
  3719 | D:6      | Reached XP level 9. HP: 19/70 MP: 6/14
  4690 | D:7      | Reached skill level 11 in Maces & Flails
  5063 | D:7      | Reached skill level 12 in Maces & Flails
  5066 | D:7      | Reached ***** piety under Lugonu
  5432 | D:8      | Found Tityhagi's Distillery.
  5446 | D:8      | Noticed Pikel
  5451 | D:8      | Noticed Gastronok
  5479 | D:8      | HP: 3/70 [wight/cursed +0 halberd (1)]
  5479 | D:8      | Slain by Pikel

Levels and vault maps discovered:
D:1:      dpeg_arrival_morbid_curiosity, layout_loops_ring
D:2:      wad_river_or_something, layout_loops_corners, uniq_robin, uniq_jessica
D:3:      layout_loops_cross, chequers_ecumenical_altar_island, uniq_sigmund,
          uniq_ijyb
D:4:      layout_rooms, minmay_temple_entry_waves, fountainhead, uniq_edmund,
          uniq_eustachio, uniq_grinder
D:5:      layout_rooms, nemelex_altar_shiori, first_ration, uniq_prince_ribbit1
D:6:      cheibrodos_thug_alley, layout_basic, minmay_lizard_king
D:7:      layout_gridville
D:8:      layout_rooms, serial_shops, nicolae_shop_stone, uniq_gastronok,
          uniq_pikel

Skill      XL: |  1  2  3  4  5  6  7  8  9 |
---------------+----------------------------+-----
Invocations    | 2 3 4 5 6 8 9 |  9.6
Maces & Flails | 3 4 6 8 10 12 | 12.7
Fighting       | |  3.6
Armour         | |  2.4
Dodging        | |  1.1

Action                   |  1- 3 |  4- 6 |  7- 9 || total
-------------------------+-------+-------+-------++-------
Melee: Mace              |    78 |   116 |       ||   194
       Headbutt          |     7 |    23 |    59 ||    89
       Morningstar       |       |    32 |   301 ||   333
       Unarmed           |       |       |    10 ||    10
Invok: Banish            |       |       |     2 ||     2
  Use: Potion            |     7 |     1 |     4 ||    12
       Scroll            |     5 |     6 |     4 ||    15
  Eat: Chunk             |       |     6 |     5 ||    11
       Ration            |       |       |     2 ||     2
Armor: Leather armour    |     4 |       |       ||     4
       Chain mail        |    45 |    63 |       ||   108
       Ring mail         |     4 |       |       ||     4
       Plate armour      |       |    24 |   184 ||   208
Dodge: Dodged            |    39 |    85 |    65 ||   189
Block: Buckler           |       |     2 |    18 ||    20
       Large shield      |       |       |   145 ||   145
